AoeStats
← donsimon93

Pilgrims

510062599Analyzed
2v2 RM · 4d ago on Sep 29, 2026· 25m 46s· 4 players
Game mode
Random Map
Map size
Medium (4 player)
Population
200
Speed
Normal
Resources
Standard
Victory
Conquest
Starting age
Dark Age
Ending age
Imperial Age
RankedLock teamsTeams togetherTeam positionsShared explorationLock speedFull tech treeHidden civsTurbo modeCheats
Victory
Defeat
🇹🇼 Saxons · Taiwan
1129
+17
🇪🇸 Huns · Spain
1096
+18
🇬🇧 Poles · United Kingdom
1224
-21
🇦🇹 Britons · Austria
1066
-14
Sarevok
8:12 Loom
12:15 Feudal Age
12:41 Double-Bit Axe
15:36 Bloodlines
18:19 Castle Age
16:31 Gold Mining
16:48 Fletching
17:56 Padded Archer Armor
19:00 Bodkin Arrow
19:31 Husbandry
20:37 Ballistics
20:54 Gold Shaft Mining
21:21 Leather Archer Armor
22:37 Bow Saw
26:45 Wheelbarrow
Andre114514
6:47 Loom
10:27 Feudal Age
12:46 Town Watch
16:33 Double-Bit Axe
18:09 Fletching
26:07 Castle Age
donsimon93
6:38 Loom
11:09 Feudal Age
15:30 Double-Bit Axe
24:17 Castle Age
23:31 Wheelbarrow
23:16 Stone Mining
23:19 Gold Mining
24:11 Forging
24:01 Scale Mail Armor
zoibe
5:14 Loom
11:10 Feudal Age
15:05 Castle Age
14:43 Forging
14:40 Scale Barding Armor
14:24 Double-Bit Axe
14:21 Horse Collar
14:51 Stone Mining
15:21 Fishing Lines
16:45 Bow Saw
20:26 Wheelbarrow
21:37 Bloodlines
21:34 Szlachta Privileges
24:44 Chain Barding Armor
26:25 Iron Casting
26:02 Town Watch
Connection lost

Rejoining the realm…

Still unreachable

The connection could not be restored.

Session expired

The server has moved on; the page needs a fresh start.